 Dungeon Crawl Stone Soup version 0.27-b1-16-g6517624069 (webtiles) character file.

Game seed: 11341488993728784112

51 sixthgate the Ducker (level 3, 0/31 HPs)
             Began as a Gnoll Gladiator on July 26, 2021.
             Succumbed to Jessica's poison
             ... on level 2 of the Dungeon.
             The game lasted 00:00:30 (768 turns).

sixthgate the Ducker (Gnoll Gladiator)               Turns: 768, Time: 00:00:31

Health: 0/31       AC:  4    Str: 13    XL:     3   Next: 83%
Magic:  3/4        EV: 14    Int:  8    God:
Gold:   45         SH:  0    Dex: 13    Spells: 4/4 levels left

rFire    . . .     SeeInvis .   a - +0 long sword
rCold    . . .     Faith    .   (no shield)
rNeg     . . .     Spirit   .   b - +0 leather armour
rPois    .         Reflect  .   c - +0 helmet
rElec    .         Harm     .   (no cloak)
rCorr    .         Rampage  .   (no gloves)
Will     .....                  (no boots)
Stlth    +.........             (no amulet)
HPRegen  0.10/turn              (no ring)
MPRegen  0.09/turn              (no ring)

@: lethally poisoned (0 -> -11)
A: fangs 1, strong nose, distributed training
a: no special abilities


You were on level 2 of the Dungeon.
You visited 1 branch of the dungeon, and saw 2 of its levels.

You collected 45 gold pieces.

Inventory:

Hand Weapons
 a - a +0 long sword (weapon)
Missiles
 d - a throwing net (quivered)
Armour
 b - a +0 leather armour (worn)
 c - a +0 helmet (worn)
Scrolls
 e - 2 scrolls of identify {unknown}
 f - a scroll of immolation {unknown}
 g - 2 scrolls of teleportation {unknown}
Potions
 h - a potion of flight {unknown}
 i - a potion of curing {unknown}


   Skills:
 + Level 4.6 Fighting
 + Level 1.0 Short Blades
 + Level 6.5 Long Blades
 + Level 1.0 Axes
 + Level 1.0 Maces & Flails
 + Level 1.0 Polearms
 + Level 1.0 Staves
 + Level 1.0 Slings
 + Level 1.0 Bows
 + Level 1.0 Crossbows
 + Level 4.6 Throwing
 + Level 1.0 Armour
 + Level 6.5 Dodging
 + Level 1.0 Stealth
 + Level 1.0 Shields
 + Level 1.0 Unarmed Combat
 + Level 1.0 Spellcasting
 + Level 0.7 Conjurations
 + Level 0.7 Hexes
 + Level 0.7 Summonings
 + Level 0.7 Necromancy
 + Level 0.7 Translocations
 + Level 0.7 Transmutations
 + Level 0.7 Fire Magic
 + Level 0.7 Ice Magic
 + Level 0.7 Air Magic
 + Level 0.7 Earth Magic
 + Level 0.7 Poison Magic
 + Level 1.0 Invocations
 + Level 1.0 Evocations


You had 4 spell levels left.
You didn't know any spells.
Your spell library was empty.

Dungeon Overview and Level Annotations

Branches:
Dungeon (2/15)

Altars:
Uskayaw


Innate Abilities, Weirdness & Mutations

You have very sharp teeth.
Your uncanny sense of smell can sniff out nearby items.
Your experience applies equally to all skills.


Message History

Throw: 3 throwing nets
Press: ? - help, Q - select action Shift-Dir - straight line, f - Jessica
Aim: Jessica, wielding a +2 dagger of venom and wearing a +0 robe (heavily wounded, 62% to hit)
You throw a throwing net.
The throwing net closely misses Jessica.
You feel very sick.
Jessica hits you with a +2 dagger of venom.
You are lethally poisoned!
Throw: 2 throwing nets
Press: ? - help, Q - select action Shift-Dir - straight line, f/p - Jessica
Aim: Jessica, wielding a +2 dagger of venom and wearing a +0 robe (heavily wounded, 62% to hit)
You throw a throwing net. The throwing net hits Jessica.
Jessica is caught in the net!
Jessica is heavily wounded.
You feel very sick.
Jessica struggles against the net.
You hit Jessica.
Jessica is severely wounded.
* * * LOW HITPOINT WARNING * * *
You feel very sick.
Jessica struggles against the net.
You hit Jessica.
You kill Jessica!
* * * LOW HITPOINT WARNING * * *
You feel very sick.
Your Short Blades skill increases to level 1!
Your Axes skill increases to level 1!
Your Maces & Flails skill increases to level 1!
Your Polearms skill increases to level 1!
Your Staves skill increases to level 1!
Your Slings skill increases to level 1!
Your Bows skill increases to level 1!
Your Crossbows skill increases to level 1!
Your Armour skill increases to level 1!
Your Stealth skill increases to level 1!
Your Shields skill increases to level 1!
Your Unarmed Combat skill increases to level 1!
Your Spellcasting skill increases to level 1!
Your Invocations skill increases to level 1!
Your Evocations skill increases to level 1!
You die...

............##.#..
#.#...#.##........
#.#...#.######....
#.......# ##...
#.#...#.# ##...
#.......# #..._
####.....#.# #....
#....)...#.# #....
#..#@##..#.# #.##.
#............# #.
#. .>.#..#..#..###
# #. [.(.#..#..#
### ###. ........
.... #....>...###
#### ##.####..# ..


There were no monsters in sight!

Vanquished Creatures
  Jessica (D:2)
  4 ball pythons
  2 endoplasms (D:1)
  A giant cockroach (D:1)
  2 goblins
  4 hobgoblins (D:1)
  2 jackals (D:1)
  A quokka (D:1)
  5 kobolds
  A rat (D:2)
23 creatures vanquished.

Notes
Turn   | Place    | Note
-------+----------+-------------------------------------------
     0 | D:1      | sixthgate the Gnoll Gladiator began the quest for the Orb.
     0 | D:1      | Reached XP level 1. HP: 20/20 MP: 1/1
    99 | D:1      | Reached XP level 2. HP: 26/26 MP: 2/2
   678 | D:2      | Reached XP level 3. HP: 31/31 MP: 3/3
   720 | D:2      | Found a hide-covered altar of Uskayaw.
   751 | D:2      | Noticed Jessica
   767 | D:2      | Killed Jessica
   768 | D:2      | Reached skill level 1 in Short Blades
   768 | D:2      | Reached skill level 1 in Axes
   768 | D:2      | Reached skill level 1 in Maces & Flails
   768 | D:2      | Reached skill level 1 in Polearms
   768 | D:2      | Reached skill level 1 in Staves
   768 | D:2      | Reached skill level 1 in Slings
   768 | D:2      | Reached skill level 1 in Bows
   768 | D:2      | Reached skill level 1 in Crossbows
   768 | D:2      | Reached skill level 1 in Armour
   768 | D:2      | Reached skill level 1 in Stealth
   768 | D:2      | Reached skill level 1 in Shields
   768 | D:2      | Reached skill level 1 in Unarmed Combat
   768 | D:2      | Reached skill level 1 in Spellcasting
   768 | D:2      | Reached skill level 1 in Invocations
   768 | D:2      | Reached skill level 1 in Evocations
   768 | D:2      | Succumbed to Jessica's poison

Illustrated notes

Levels and vault maps discovered:
D:1:      eino_arrival_druids_welcome, layout_loops_ring, minmay_pentomino_w2
D:2:      layout_loops_cross, basic_altar, roderic_lattice_a, st_stairs_5,
          minmay_randomly_rotated_circles, uniq_sigmund, uniq_jessica

Skill      XL: |  1  2  3 |
---------------+----------+-----
Short Blades   | 1 |  1.0
Axes           | 1 |  1.0
Maces & Flails | 1 |  1.0
Polearms       | 1 |  1.0
Staves         | 1 |  1.0
Slings         | 1 |  1.0
Bows           | 1 |  1.0
Crossbows      | 1 |  1.0
Armour         | 1 |  1.0
Stealth        | 1 |  1.0
Shields        | 1 |  1.0
Unarmed Combat | 1 |  1.0
Spellcasting   | 1 |  1.0
Invocations    | 1 |  1.0
Evocations     | 1 |  1.0
Fighting       | |  4.6
Long Blades    | |  6.5
Throwing       | |  4.6
Dodging        | |  6.5
Conjurations   | |  0.7
Hexes          | |  0.7
Summonings     | |  0.7
Necromancy     | |  0.7
Translocations | |  0.7
Transmutations | |  0.7
Fire Magic     | |  0.7
Ice Magic      | |  0.7
Air Magic      | |  0.7
Earth Magic    | |  0.7
Poison Magic   | |  0.7

Action                   || total
-------------------------++-------
Melee: Long sword        ||    56
       Bite              ||     6
Throw: Throwing net      ||     2
 Stab: Sleeping          ||     1
Armor: Leather armour    ||     9
Dodge: Dodged            ||    34
       Rpst.: Long sword ||    12
